 Dungeon Crawl Stone Soup version 0.31.0-32-g396128a36d (webtiles) character file.

Game seed: 14801874752971739501

660 TacoSundae the Changeling (level 7, -2/48 HPs)
             Began as a Merfolk Shapeshifter on Apr 5, 2024.
             Slain by a hornet (8 damage)
             ... on level 5 of the Dungeon.
             The game lasted 00:11:06 (4662 turns).

TacoSundae the Changeling (Merfolk Shapeshifter)    Turns: 4662, Time: 00:11:07

Health: -2/48      AC:  3    Str: 14    XL:     7   Next: 56%
Magic:  7/7        EV: 17    Int:  9    God:
Gold:   366        SH:  0    Dex: 16    Spells: 6/6 levels left

rFire   . .          .
                       - Unarmed
rCold   . . .        (shield currently unavailable)
rNeg    . . .        p - melded +1 robe {Will+}
rPois   .            j - +2 hat
rElec   .            m - +0 cloak
rCorr   .            (no gloves)
SInv    .            (no boots)
Will    .....        (no amulet)
Stlth   +            b - ring of flight
HPRegen 0.28/turn    (no ring)
MPRegen 0.10/turn

%: no passive effects
@: mighty, flux-form, flying, slowed, glowing, very slow
A: glow, contaminating, (nimble swimmer 2), mertail
a: Begin Untransformation


You were on level 5 of the Dungeon.
You were something dangerously unstable.
You visited 1 branch of the dungeon, and saw 5 of its levels.

You collected 366 gold pieces.

Inventory:

Armour
 j - a +2 hat (worn)
 m - a +0 cloak (worn)
 p - a +1 robe of willpower (melded)
Jewellery
 b - a ring of flight (left hand)
Talismans
 c - a beast talisman
 d - a flux talisman (active)
 s - a blade talisman
Wands
 n - a wand of charming (9)
Scrolls
 f - 3 scrolls of revelation
 i - 2 scrolls of vulnerability
 l - 3 scrolls of teleportation
 o - a scroll of blinking
 r - a scroll of enchant weapon
Potions
 a - 2 potions of curing
 e - a potion of enlightenment
 h - a potion of attraction {unknown}
 t - a potion of degeneration {unknown}


   Skills:
 - Level 1.1 Fighting
 + Level 3.3 Dodging
 * Level 6.9 Unarmed Combat
 * Level 7.7 Shapeshifting


You had 6 spell levels left.
You didn't know any spells.
Your spell library was empty.

Dungeon Overview and Level Annotations

Branches:
Dungeon (5/15)
 Temple: D:4-7

Altars:
Okawaru
Wu Jian


Innate Abilities, Weirdness & Mutations

You are something dangerously unstable.
You glow with magical radiation, making you easy to see and hit.
Foes you strike become dangerously contaminated with magical radiation.
You are incapable of wielding weapons or throwing items.
((You are very nimble when in or above water. (Stealth+, EV+, Speed+++)))
Your lower body shifts to a powerful aquatic tail in water.


Message History

Found 5 stones.
Found an escape hatch in the floor.
Found 12 gold pieces.
Found an escape hatch in the ceiling.
You see here an orb of light.
Press: ? - help, v - describe, . - travel, g - get item Item here: an orb of light.
The floor.
Unknown command.
Found a sling.
You see here an orb of light.
Okay, then.
A hornet comes into view.
The hornet buzzes angrily.
Found 15 gold pieces.
Okay, then.
It was a potion of might.
You feel very mighty all of a sudden.
Found a stone staircase leading down.
You barely miss the hornet. The hornet misses you.
You hit the hornet.
The hornet begins to glow.
The hornet is lightly wounded.
The hornet barely misses you. The hornet stings you.
You feel yourself slow down.
You closely miss the hornet.
The hornet is lightly wounded.
The hornet stings you!
You feel as though you will be slow longer.
The hornet stings you!
You are poisoned.
You feel as though you will be slow longer.
You hit the hornet.
The hornet glows dangerously bright.
The hornet is moderately wounded.
You feel very sick. The hornet stings you!
* * * LOW HITPOINT WARNING * * *
You are more poisoned.
You feel as though you will be slow longer.
You feel better. The hornet completely misses you.
The hornet barely misses you. The hornet stings you!
You die...

# #..# .............#). #
..### #.........$......
###..... >..........#.#...
....#.# ...<..............#
#)....####...>.....)..#...[#
..##..........(.......#....##.
.....###..............#......
.........#.......y.........#
........?#......p.[..#.....#
......##..................#
....#..##.................## #
....##.............###.....#..
.......#...........# #........
..............####.###........
....#...........>.............
.<......<..(....##............
........#..#..........#.......


You could see a hornet (heavy contam).

Vanquished Creatures
  An ogre (D:3)
  A centaur (D:4)
  A bullfrog (D:3)
  A howler monkey (D:4)
  A hound (D:4)
  2 orc priests (D:3)
  Jessica (D:2)
  4 orc wizards
  5 adders
  3 ribbon worms
  5 dart slugs
  11 orcs
  7 ball pythons
  7 endoplasms
  5 giant cockroaches
  14 goblins
  7 hobgoblins
  5 jackals
  A quokka (D:3)
  8 bats
  6 frilled lizards
  9 kobolds
  7 rats
112 creatures vanquished.

Vanquished Creatures (others)
  A goblin (D:3)
1 creature vanquished.

Grand Total: 113 creatures vanquished

Notes
Turn   | Place    | Note
-------+----------+-------------------------------------------
     0 | D:1      | TacoSundae the Merfolk Shapeshifter began the quest for the
                  | Orb.
     0 | D:1      | Reached XP level 1. HP: 15/15 MP: 1/1
    62 | D:1      | Reached XP level 2. HP: 20/21 MP: 2/2
   151 | D:1      | Reached XP level 3. HP: 13/26 MP: 3/3
  1110 | D:2      | Reached skill level 5 in Shapeshifting
  1306 | D:2      | Reached XP level 4. HP: 32/32 MP: 4/4
  1430 | D:2      | Noticed Jessica
  1437 | D:2      | Killed Jessica
  1888 | D:3      | Noticed a bullfrog
  1975 | D:3      | Reached XP level 5. HP: 37/37 MP: 5/5
  2016 | D:3      | Reached skill level 5 in Unarmed Combat
  2016 | D:3      | Reached skill level 6 in Shapeshifting
  2204 | D:3      | Found an iron altar of Okawaru.
  2318 | D:3      | Reached XP level 6. HP: 43/43 MP: 6/6
  2712 | D:3      | Reached skill level 7 in Shapeshifting
  2833 | D:3      | Found an ornate altar of the Wu Jian Council.
  3341 | D:3      | Reached XP level 7. HP: 46/48 MP: 7/7
  4521 | D:5      | Entered Level 5 of the Dungeon
  4653 | D:5      | Noticed a hornet
  4661 | D:5      | HP: 1/48 [hornet (15)]
  4662 | D:5      | Slain by a hornet

Illustrated notes

Levels and vault maps discovered:
D:1:      denvon_arrival_waterhouse, layout_basic, serial_glass,
          glass_columns_b, glass_columns_a, glass_columns_a, glass_columns_a,
          glass_columns_b, glass_columns_a, minmay_quantized
D:2:      layout_loops_ring, uniq_jessica
D:3:      minmay_razor_zed, layout_basic, nicolae_overflow_crystal_walls,
          pdpol_wu_jian_five_deadly_venoms
D:4:      wad_crossroads, layout_loops_ring, st_stairs_3
D:5:      layout_rooms, old_standard_altar, hangedman_minor_gate_pass

Skill      XL: |  1  2  3  4  5  6  7 |
---------------+----------------------+-----
Unarmed Combat | 4 5 6 |  6.9
Shapeshifting  | 5 6 7 |  7.7
Dodging        | 3 |  3.3
Fighting       | |  1.1

Action                     |  1- 3 |  4- 6 |  7- 9 || total
---------------------------+-------+-------+-------++-------
  Melee: Unarmed           |    95 |   140 |    63 ||   298
         Tailslap          |     2 |       |       ||     2
         Punch             |     2 |     7 |       ||     9
  Evoke: Wand              |       |     2 |       ||     2
    Use: Scroll            |       |     8 |     4 ||    12
         Potion            |       |       |     3 ||     3
   Stab: Sleeping          |     1 |     1 |       ||     2
 Armour: Animal skin       |    24 |       |       ||    24
         Leather armour    |    21 |     7 |       ||    28
         Robe              |       |    44 |    22 ||    66
         Skin              |       |       |    18 ||    18
  Dodge: Dodged            |    43 |    63 |    46 ||   152
   Form: Flux              |       |       |     1 ||     1
